 Dungeon Crawl Stone Soup version 0.28-a0-925-gd5e1996cdb (webtiles) character file.

Game seed: 9414421541855661211

93 Anon1729 the Skirmisher (level 4, -1/41 HPs)
             Began as a Minotaur Monk on Nov 26, 2021.
             Was the Champion of Ignis.
             Slain by an ogre (27 damage)
             ... on level 2 of the Dungeon.
             The game lasted 00:05:51 (2955 turns).

Anon1729 the Skirmisher (Minotaur Monk)             Turns: 2955, Time: 00:05:52

Health: -1/41      AC:  2    Str: 17    XL:     4   Next: 37%
Magic:  3/3        EV: 13    Int: 13    God:    Ignis [******]
Gold:   83         SH:  0    Dex: 12    Spells: 3/3 levels left

rFire   + . .      SeeInvis .   a - +0 spear
rCold   . . .      Faith    .   (no shield)
rNeg    . . .      Spirit   .   b - +0 robe
rPois   .          Reflect  .   (helmet restricted)
rElec   .          Harm     .   (no cloak)
rCorr   .          Rampage  .   (no gloves)
Will    .....                   (no boots)
Stlth   ++........              (no amulet)
HPRegen 0.13/turn               h - +6 ring of intelligence
MPRegen 0.08/turn               (no ring)

@: no status effects
A: horns 2, retaliatory headbutt
a: Renounce Religion, Fiery Armour, Foxfire Swarm, Rising Flame


You were on level 2 of the Dungeon.
You worshipped Ignis.
Ignis was exalted by your worship.
You visited 1 branch of the dungeon, and saw 3 of its levels.

You collected 83 gold pieces.

Inventory:

Hand Weapons
 a - a +0 spear (weapon)
 f - a +2 short sword of freezing
Armour
 b - a +0 robe (worn)
Jewellery
 h - a +6 ring of intelligence (left hand)
Scrolls
 c - a scroll of amnesia {unknown}
 d - 2 scrolls of immolation {unknown}
 e - 2 scrolls of teleportation {unknown}
 j - a scroll of identify {unknown}
Potions
 g - a potion of resistance {unknown}
 i - a potion of haste {unknown}


   Skills:
 + Level 4.7 Fighting
 - Level 3.6 Polearms
 + Level 2.6 Armour
 + Level 4.2 Dodging
 - Level 1.5 Stealth


You had 3 spell levels left.
You didn't know any spells.
Your spell library was empty.

Dungeon Overview and Level Annotations

Branches:
Dungeon (3/15)

Altars:
Ignis


Innate Abilities, Weirdness & Mutations

You have a pair of horns on your head.
You reflexively headbutt those who attack you in melee.


Message History

You reach to attack!
You hit the ogre.
The ogre is lightly wounded.
You reach to attack!
You hit the ogre.
The ogre is moderately wounded.
You barely miss the ogre. You headbutt the ogre!
The ogre is heavily wounded.
The ogre barely misses you.
You hit the ogre but do no damage.
The ogre is heavily wounded.
The ogre closely misses you.
You hit the ogre but do no damage.
The ogre is heavily wounded.
The ogre misses you.
You hit the ogre but do no damage.
The ogre is heavily wounded.
The ogre closely misses you.
You closely miss the ogre. You headbutt the ogre.
The ogre is severely wounded.
The ogre hits you with a +0 giant spiked club!!
Ouch! That really hurt!
You are too injured to fight recklessly!
Things that are here:
a +0 dagger; 4 stones You aren't carrying any items that you can evoke.
Things that are here:
a +0 short sword; 5 stones; a kobold corpse
Things that are here:
a +0 dagger; a +0 ring mail; a kobold corpse You see here a +0 short sword.
There is a stone staircase leading up here.
The ogre barely misses you.
You climb upwards.
There is a stone staircase leading down here.
There is a stone staircase leading down here.
There is a stone staircase leading down here.
You puncture the ogre!
The ogre is heavily wounded.
The ogre hits you with a +0 giant spiked club!!
Ouch! That really hurt!
You die...

# ###### # #########
#####..... #
#.......# #...#.#.##
#
#.#####.###........#
#######
#.###.>.........#..#
......#
#..@O...#####.......
#####.# #####.###
#......## # #.# #.#
##...#... # #.# #.#
##.##### # ##.## #.#
#.# ##...## ####.##
#.# ##.<...##
#.....# ##'##
#.......# #.##..#
##...## #.......#
#.....# ##.....##


You could see an ogre.

Vanquished Creatures
  5 adders
  2 worms
  A dart slug (D:1)
  5 orcs (D:3)
  A ball python (D:2)
  An endoplasm (D:1)
  2 giant cockroaches (D:2)
  A goblin (D:2)
  5 hobgoblins
  3 quokkas
  3 bats
  A frilled lizard (D:1)
  5 kobolds
35 creatures vanquished.

Notes
Turn   | Place    | Note
-------+----------+-------------------------------------------
     0 | D:1      | Anon1729 the Minotaur Monk began the quest for the Orb.
     0 | D:1      | Reached XP level 1. HP: 19/19 MP: 0/0
   125 | D:1      | Found a faded altar of an unknown god.
   137 | D:1      | Prayed at the altar of an unknown god.
   137 | D:1      | Became a worshipper of Ignis, the Dying Flame
   137 | D:1      | Reached ****** piety under Ignis
   308 | D:1      | Reached skill level 1 in Armour
   394 | D:1      | Reached XP level 2. HP: 25/27 MP: 1/1
  1131 | D:2      | Reached XP level 3. HP: 15/33 MP: 2/2
  1989 | D:3      | Noticed an ogre
  2249 | D:3      | Reached XP level 4. HP: 41/41 MP: 3/3
  2955 | D:2      | Slain by an ogre

Illustrated notes

Levels and vault maps discovered:
D:1:      dpeg_arrival_castle, layout_basic, serial_glass, glass_columns_c,
          glass_columns_b, basic_ecumenical_altar, minmay_misc_feat_columns
D:2:      layout_loops_corners, chequers_avenue, corexii_leaking_fountain
D:3:      layout_loops_ring

Skill      XL: |  1  2  3 |
---------------+----------+-----
Armour         | 1 2 |  2.6
Fighting       | 4 |  4.7
Dodging        | 4 |  4.2
Polearms       | |  3.6
Stealth        | |  1.5

Action                   |  1- 3 |  4- 6 || total
-------------------------+-------+-------++-------
Melee: Spear             |    99 |    42 ||   141
       Headbutt          |    11 |     6 ||    17
 Stab: Sleeping          |     7 |       ||     7
Armor: Robe              |    13 |     3 ||    16
Dodge: Dodged            |    32 |    16 ||    48

Table legend: (Time is in decaauts)
 A = Elapsed time spent in this place.
 B = Non-inter-level travel time spent in this place.
 C = Inter-level travel time spent in this place.
 D = Time resting spent in this place.
 E = Time spent auto-exploring this place.
 F = Levels seen in this place.
 G = Mean time per level.
                   A        B        C        D        E       F      G
               +--------+--------+--------+--------+--------+-----+--------+
         Total |   2947 |   2805 |    142 |    599 |   1700 |   3 |  982.3 |
       Dungeon |   2947 |   2805 |    142 |    599 |   1700 |   3 |  982.3 |
               +--------+--------+--------+--------+--------+-----+--------+

Top non-repeatable levels by time:
     D:2: 1616 daAuts
     D:1: 761 daAuts
     D:3: 569 daAuts
